Map: Ever Dream LE

Players

Future - Winner!

  • Race: Terran Terran
  • Spawn Location: 7:00

Scarlett

  • Race: Zerg Zerg
  • Spawn Location: 1:00

Event: DreamHack SC2 Masters 2020 Summer North America

VOD

Have the link to the VOD?

Description

Time

  • Played on: July 8, 2020, 3:10 p.m.
  • Length: 10:50

All games in this series

Show
View Real Time Build Order
Export as new Build Order

Future Terran - Winner!

Build Orders: Reaper Expand 

Get SALT Encoding   

  12  0:01  SCV  
  13  0:13  SCV  
  14  0:17  Supply Depot  
  14  0:25  SCV  
  15  0:38  SCV  
  15  0:39  Barracks  
  16  0:44  Refinery  
  16  0:50  SCV  
  17  1:02  SCV  
  18  1:14  SCV  
  19  1:26  Reaper, Orbital Command  
  20  1:40  Command Center  
  20  1:52  SCV  
  20  1:53  Supply Depot  
  21  1:58  Marine  
  22  2:04  SCV  
  22  2:07  Factory  
  23  2:16  SCV  
  23  2:20  Refinery  
  23  2:21  Barracks Reactor  
  24  2:28  SCV  
  25  2:41  SCV  
  26  2:52  Orbital Command  
  26  2:53  Starport  
  26  2:54  SCV  
  27  3:03  Hellion x2  
  31  3:06  SCV  
  31  3:08  Barracks Tech Lab  
  32  3:13  Supply Depot  
  32  3:18  SCV  
  32  3:19  SCV  
  37  3:30  Viking  
  37  3:31  SCV  
  37  3:32  SCV, Stimpack  
  37  3:33  Barracks  
  37  3:36  Barracks  
  37  3:38  Marine  
  38  3:41  Factory Reactor  
  38  3:44  SCV x2  
  37  3:56  SCV  
  37  3:58  SCV  
  37  3:59  Marine  
  35  4:02  Starport Tech Lab  
  35  4:08  SCV  
  36  4:10  SCV  
  37  4:17  Marine  
  37  4:20  Engineering Bay  
  37  4:21  SCV  
  37  4:22  SCV  
  40  4:26  Marine x2  
  40  4:27  Siege Tank  
  45  4:33  SCV, Supply Depot, Marine  
  45  4:34  SCV, Marine  
  45  4:35  Starport Reactor  
  50  4:45  SCV  
  50  4:46  SCV, Terran Infantry Weapons Level 1, Refinery  
  50  4:48  Marine x2  
  50  4:49  Marine  
  54  4:53  Supply Depot  
  54  4:57  SCV  
  54  4:58  SCV  
  54  4:59  Supply Depot  
  56  5:07  Refinery, Marine x3  
  56  5:08  Marine x2  
  56  5:10  SCV  
  62  5:14  SCV  
  62  5:15  Siege Tank  
  62  5:18  Combat Shield  
  66  5:22  Supply Depot  
  66  5:23  SCV  
  66  5:26  SCV  
  68  5:35  SCV, Marine  
  69  5:36  Marine x4  
  69  5:39  SCV  
  69  5:42  Supply Depot  
  75  5:45  Supply Depot  
  75  5:47  SCV  
  76  5:52  Medivac, Siege Tank  
  76  5:54  Medivac  
  76  5:55  Marine x2  
  85  5:57  Marine  
  85  6:03  Marine x2  
  90  6:10  Supply Depot  
  88  6:13  Reaper  
  74  6:29  Marine  
  74  6:30  Siege Tank  
  69  6:36  Marine  
  69  6:39  Marine  
  67  6:40  Marine  
  67  6:45  Marine  
  64  6:47  Marine  
  64  6:52  SCV x2  
  64  6:53  Marine  
  66  6:57  Marine x2  
  67  7:02  Siege Tank  
  67  7:03  Marine  
  67  7:05  Marine  
  67  7:07  Liberator  
  75  7:11  Marine  
  75  7:12  Missile Turret  
  75  7:15  Missile Turret, Marine x2  
  77  7:18  SCV  
  79  7:26  Liberator  
  79  7:28  SCV  
  83  7:31  SCV  
  84  7:43  Siege Tank  
  84  7:44  Marine x3  
  88  7:45  Marine  
  88  7:46  Marine  
  88  7:49  SCV  
  88  7:50  SCV  
  94  7:56  Supply Depot  
  94  8:01  SCV  
  94  8:02  SCV  
  94  8:04  Supply Depot, Marine  
  97  8:11  Marine  
  97  8:12  Marine x2  
  96  8:13  Marine  
  96  8:18  Siege Tank  
  102  8:22  Marine  
  103  8:28  Medivac  
  103  8:29  Marine  
  103  8:30  Marine x2  
  108  8:34  Liberator  
  108  8:37  Marine  
  108  8:39  Marine  
  113  8:47  Marine  
  113  8:48  Marine x2  
  112  8:55  Marine  
  107  8:57  Marine  
  107  9:01  Siege Tank  
  110  9:05  Marine  
  110  9:06  Marine x2, Liberator  
  116  9:12  Marine  
  117  9:18  Marine  
  117  9:19  Supply Depot  
  117  9:20  Supply Depot  
  118  9:34  SCV x2, Marine  
  118  9:35  Liberator  
  118  9:37  Marine  
  116  9:44  Marine  
  111  9:46  SCV x2  
  111  9:58  SCV x2  
  113  10:00  Marine  
  113  10:04  Siege Tank  
  115  10:10  SCV, Marine  
Show
View Real Time Build Order
Export as new Build Order

Scarlett Zerg 

Build Orders: Hatch First, Lurkers 

Get SALT Encoding   

  12  0:00  Drone  
  13  0:12  Overlord  
  13  0:17  Drone  
  14  0:30  Drone  
  14  0:31  Drone  
  16  0:46  Hatchery  
  15  0:51  Drone  
  15  0:54  Drone  
  17  0:58  Drone  
  18  1:07  Extractor  
  17  1:13  Spawning Pool  
  17  1:15  Drone  
  17  1:19  Drone  
  18  1:28  Drone  
  19  1:39  Drone  
  20  1:52  Overlord  
  20  1:59  Queen x2  
  20  2:00  Zergling x4  
  26  2:06  Metabolic Boost  
  26  2:14  Drone x2  
  28  2:21  Drone  
  29  2:28  Drone  
  30  2:32  Drone  
  30  2:35  Queen  
  30  2:36  Queen  
  35  2:40  Overlord  
  35  2:48  Drone  
  36  3:01  Drone x3  
  36  3:04  Overlord  
  39  3:07  Zergling x10  
  44  3:13  Lair  
  44  3:20  Extractor  
  44  3:21  Extractor  
  42  3:28  Drone x5  
  47  3:38  Overlord  
  46  3:51  Drone x7  
  49  3:58  Drone  
  49  4:00  Drone  
  49  4:06  Queen  
  49  4:09  Zergling x2  
  52  4:11  Hydralisk Den  
  52  4:12  Overlord  
  51  4:20  Drone  
  51  4:22  Overlord  
  52  4:31  Drone x2  
  54  4:32  Zergling x8  
  54  4:36  Overlord  
  58  4:39  Hydralisk  
  58  4:40  Lurker Den  
  58  4:41  Pneumatized Carapace  
  58  4:44  Hydralisk x2  
  63  4:54  Hydralisk  
  63  4:58  Hydralisk  
  67  5:00  Zergling x8  
  67  5:03  Overlord  
  71  5:12  Zergling x6  
  74  5:17  Overlord  
  74  5:27  Zergling x2, Overlord  
  75  5:29  Zergling x10  
  80  5:36  Zergling x2  
  80  5:37  Zergling x2, Lurker  
  80  5:38  Lurker x2  
  85  5:43  Lurker  
  85  5:44  Overlord  
  85  5:45  Zergling x2  
  87  5:51  Hatchery  
  86  5:59  Zergling x10  
  86  6:00  Lurker  
  92  6:04  Zergling x4  
  92  6:06  Zergling x4  
  78  6:29  Zergling x8  
  70  6:36  Zergling x12  
  64  6:42  Queen x2  
  62  6:50  Grooved Spines  
  62  6:51  Evolution Chamber  
  62  6:52  Evolution Chamber  
  59  6:59  Hydralisk x5  
  67  7:04  Queen  
  69  7:11  Drone x4  
  69  7:13  Hydralisk x2  
  77  7:18  Zerg Missile Weapons Level 1  
  77  7:22  Zerg Ground Armor Level 1  
  77  7:26  Zergling x4  
  77  7:27  Zergling x2  
  80  7:34  Drone x2  
  80  7:35  Extractor  
  81  7:38  Hydralisk x2  
  81  7:40  Zergling x2  
  81  7:43  Zergling x4  
  88  7:49  Zergling x8  
  92  7:57  Zergling x8  
  97  7:58  Lurker  
  97  8:04  Zergling x4  
  99  8:11  Muscular Augments  
  96  8:16  Drone x5  
  101  8:21  Lurker x2  
  101  8:22  Overlord  
  101  8:25  Zergling x6  
  106  8:32  Drone  
  106  8:33  Infestation Pit  
  104  8:37  Hydralisk x2  
  108  8:45  Lurker  
  108  8:46  Zergling x8  
  111  8:50  Zergling x6  
  105  8:56  Zergling x4, Spore Crawler  
  105  9:01  Zergling x4  
  105  9:02  Zergling x4  
  107  9:05  Zergling x2  
  107  9:06  Zergling x2  
  109  9:12  Lurker  
  109  9:13  Lurker x2  
  109  9:14  Overlord  
  109  9:15  Zergling x2  
  113  9:18  Zergling x4  
  114  9:27  Zergling x12  
  120  9:35  Zergling x2  
  120  9:36  Zergling x10  
  107  9:57  Hydralisk x2, Lurker x4  
  107  9:58  Zergling x8  
  117  10:05  Zergling x2  
  117  10:06  Zergling x6  
  112  10:16  Zergling x10  
  117  10:23  Zergling x2  
  118  10:32  Zergling x2  
Tags
 
Add a new tag
Caveats
  • Supply blocks, unpowered buildings, or Contaminate may cause inaccurate times.
  • Supply counts are checked every 10 seconds.